 Dungeon Crawl Stone Soup version 0.28-a0-850-g09de17f (webtiles) character file.

Game seed: 15845604848431262328

751 Meow the Firebug (level 7, -2/58 HPs)
             Began as a Naga Fire Elementalist on Nov 13, 2021.
             Slain by a gnoll sergeant (11 damage)
             ... on level 4 of the Dungeon.
             The game lasted 00:17:05 (4480 turns).

Meow the Firebug (Naga Fire Elementalist)           Turns: 4480, Time: 00:17:06

Health: -2/58      AC:  3    Str: 11    XL:     7   Next: 78%
Magic:  3/13       EV:  9    Int: 17    God:
Gold:   151        SH:  0    Dex: 11    Spells: 4/14 levels left

rFire   . . .      SeeInvis +   a - +1 hand axe (flame)
rCold   . . .      Faith    .   (no shield)
rNeg    . . .      Spirit   .   d - +0 robe
rPois   +          Reflect  .   (no helmet)
rElec   .          Harm     .   (no cloak)
rCorr   .          Rampage  .   (no gloves)
Will    .....                   (no barding)
Stlth   ++........              v - amulet of magic regeneration
HPRegen 0.19/turn               (no ring)
MPRegen 0.38/turn               (no ring)

@: lethally poisoned (-2 -> -5), very slow
A: AC +2, large, see invisible, deformed body, poison resistance, slowness 2,
spit poison 1, naga tail 1
a: Spit Poison


You were on level 4 of the Dungeon.
You visited 1 branch of the dungeon, and saw 4 of its levels.

You collected 151 gold pieces.

Inventory:

Hand Weapons
 a - a +1 hand axe of flaming (weapon)
 b - a +0 hunting sling
 o - a +0 hand axe
Missiles
 c - 62 arrows
 e - 7 bolts
 h - 91 stones
 n - 2 boomerangs
 q - 14 sling bullets
Armour
 d - a +0 robe (worn)
Jewellery
 v - an amulet of magic regeneration (around neck)
Wands
 m - a wand of charming (9)
 w - a wand of iceblast (5)
Scrolls
 f - a scroll of fog {unknown}
 k - 2 scrolls of teleportation {unknown}
 l - a scroll of torment {unknown}
 p - a scroll of fear {unknown}
 s - 2 scrolls of amnesia {unknown}
 t - 4 scrolls of enchant armour {unknown}
Potions
 g - a potion of curing
 i - a potion of heal wounds {unknown}
 j - 2 potions of might
 r - 2 potions of lignification {unknown}
 u - a potion of ambrosia {unknown}


   Skills:
 - Level 1.9 Fighting
 - Level 0.2 Axes
 - Level 1.5 Dodging
 - Level 3.0 Stealth
 - Level 4.0 Spellcasting
 + Level 4.3 Conjurations
 + Level 6.2 Fire Magic


You had 4 spell levels left.
You knew the following spells:

 Your Spells              Type           Power      Damage    Failure   Level
a - Foxfire               Conj/Fire      84%        2x1d8     1%          1
b - Scorch                Fire           48%        2d7       1%          2
c - Flame Wave            Conj/Fire      21%        3d6       19%         4
C - Conjure Flame         Conj/Fire      21%        6-21      5%          3

Your spell library contained the following spells:

 Spells                   Type           Power      Damage    Failure   Level
 Inner Flame              Hex/Fire       14%        N/A       13%         3
 Sublimation of Blood     Necr           3%         N/A       24%         2
 Gell's Gravitas          Tloc           3%         N/A       43%         3
 Lesser Beckoning         Tloc           3%         N/A       43%         3
 Summon Guardian Golem    Hex/Summ       3%         N/A       43%         3
 Teleport Other           Tloc           3%         N/A       43%         3
 Petrify                  Tmut/Erth      3%         N/A       83%         4
 Irradiate                Conj/Tmut      5%         3d15      87%         5
 Orb of Destruction       Conj           9%         9d4       100%        7
 Spellforged Servitor     Conj/Summ      5%         N/A       100%        7


Dungeon Overview and Level Annotations

Branches:
Dungeon (4/15)
 Temple: D:4-7

Altars:

Shops:
D:2 [


Innate Abilities, Weirdness & Mutations

Your serpentine skin is tough. (AC +2)
You have supernaturally acute eyesight. (SInv)
Armour fits poorly on your strangely shaped body.
Your system is resistant to poisons. (rPois)
You cover ground very slowly.
You can spit poison.
You have a snake-like lower body.


Message History

You feel sick. The gnoll sergeant barely misses you.
Unknown command.
Unknown command.
A wave of flame ripples out!
The flame wave engulfs the gnoll sergeant.
The gnoll sergeant is burned terribly!
The gnoll sergeant is almost dead.
The flame wave engulfs the gnoll!
The gnoll is severely wounded.
You finish channelling waves of flame.
You feel sick.
The gnoll shouts!
The gnoll sergeant hits you from afar with a +0 trident of venom!
* * * LOW HITPOINT WARNING * * *
Unknown command.
Unknown command.
Unknown command.
You feel sick.
The gnoll sergeant is no longer more vulnerable to fire.
The gnoll sergeant hits you from afar with a +0 trident of venom.
* * * LOW HITPOINT WARNING * * *
Casting: Flame Wave (quite dangerous; 19% risk of failure)
Confirm with . or Enter, or press ? or * to list all spells.
Okay, then.
Unknown command.
Casting: Flame Wave (quite dangerous; 19% risk of failure)
Confirm with . or Enter, or press ? or * to list all spells.
The spell is quite dangerous to cast (19% risk of failure)!
Continue anyway?
Okay, then.
Unknown command.
Casting: Flame Wave (quite dangerous; 19% risk of failure)
Confirm with . or Enter, or press ? or * to list all spells.
The spell is quite dangerous to cast (19% risk of failure)!
Continue anyway?
Casting: Flame Wave (quite dangerous; 19% risk of failure)
Press: ? - help, Dir - look around, f - activate A wave of flame ripples out!
The flame wave engulfs the gnoll!
You kill the gnoll! (Press . to intensify the flame waves.)
You feel sick.
The gnoll sergeant hits you from afar with a +0 trident of venom!
You die...

.)..... #........# ....... ..
.........# ####.#. #. #........#
.# #........# .> #........#
####. #........# #....
#........# ##
..#....##........## ..
......gggg)@....... .#
..#....###.#####.##
.#####.#....# #.# #.# ###
.##.##......# #.# #.# #.#
.##.###.###.###.# #.# #.#
.#..†........##.# #.# #.#
.#..###..#...##.# #.# #.#
.#..###....<.##.# #.# #.#
................#####†######.###


You could see a gnoll sergeant and 3 gnolls.

Vanquished Creatures
  A black bear (D:4)
  3 ogres
  A scorpion (D:4)
  A jelly (D:4)
  An orc priest (D:4)
  3 iguanas (D:4)
  An orc wizard (D:4)
  2 hound skeletons (D:4)
  2 gnolls
  7 adders
  2 adder skeletons (D:4)
  A worm (D:4)
  2 dart slugs
  5 orcs
  6 ball pythons
  7 bats
  9 endoplasms
  4 giant cockroaches
  6 goblins
  10 hobgoblins
  3 jackals (D:2)
  A quokka (D:3)
  2 frilled lizards
  9 kobolds
  5 rats
94 creatures vanquished.

Vanquished Creatures (others)
  171 foxfires
171 creatures vanquished.

Grand Total: 265 creatures vanquished

Notes
Turn   | Place    | Note
-------+----------+-------------------------------------------
     0 | D:1      | Meow the Naga Fire Elementalist began the quest for the
                  | Orb.
     0 | D:1      | Reached XP level 1. HP: 15/15 MP: 3/3
   198 | D:1      | Reached XP level 2. HP: 17/22 MP: 1/5
   261 | D:1      | Learned a level 2 spell: Scorch
  1273 | D:2      | Reached XP level 3. HP: 28/30 MP: 4/6
  1572 | D:2      | Found Ongeshrun's Armour Shop.
  1675 | D:2      | Reached skill level 4 in Fire Magic
  2018 | D:2      | Reached XP level 4. HP: 37/37 MP: 5/7
  2598 | D:3      | Learned a level 4 spell: Flame Wave
  2607 | D:3      | Noticed an ogre
  2613 | D:3      | Killed an ogre
  2614 | D:3      | Reached skill level 1 in Fighting
  2614 | D:3      | Reached XP level 5. HP: 44/44 MP: 4/9
  2789 | D:3      | Noticed an ogre
  2800 | D:3      | Killed an ogre
  2801 | D:3      | Reached XP level 6. HP: 22/51 MP: 2/11
  3460 | D:4      | Reached skill level 5 in Fire Magic
  3464 | D:4      | Learned a level 3 spell: Conjure Flame
  3549 | D:4      | Noticed a black bear
  3559 | D:4      | Killed a black bear
  3560 | D:4      | Reached XP level 7. HP: 26/58 MP: 2/13
  4080 | D:4      | Reached skill level 6 in Fire Magic
  4480 | D:4      | Slain by a gnoll sergeant

Illustrated notes

Levels and vault maps discovered:
D:1:      dpeg_arrival_lava_altar, layout_basic, serial_corexii_hall,
          corexii_hall_statues_i, corexii_hall_statues_x, corexii_hall_statues_i
D:2:      layout_basic, serial_shops, nicolae_shop_stone,
          minmay_stone_trees_small, minmay_misc_feat_square,
          minmay_tiny_reverse_x
D:3:      layout_loops_ring
D:4:      wad_river_or_something, layout_basic

Skill      XL: |  1  2  3  4  5  6  7 |
---------------+----------------------+-----
Fire Magic     | 4 5 6 |  6.2
Fighting       | 1 |  1.9
Spellcasting   | 3 4 |  4.0
Conjurations   | 2 3 4 |  4.3
Axes           | |  0.2
Dodging        | |  1.5
Stealth        | |  3.0

Action                   |  1- 3 |  4- 6 |  7- 9 || total
-------------------------+-------+-------+-------++-------
Melee: Hand axe          |     1 |     5 |    10 ||    16
 Cast: Foxfire           |    35 |    40 |    40 ||   115
       Scorch            |     2 |     9 |    12 ||    23
       Conjure Flame     |       |     1 |       ||     1
       Flame Wave        |       |       |     2 ||     2
 Abil: Spit Poison       |    23 |    24 |    16 ||    63
  Use: Scroll            |       |     2 |       ||     2
 Stab: Sleeping          |       |     1 |       ||     1
Armor: Robe              |     1 |    13 |     4 ||    18
Dodge: Dodged            |    10 |    20 |    23 ||    53

Table legend: (Time is in decaauts)
 A = Elapsed time spent in this place.
 B = Non-inter-level travel time spent in this place.
 C = Inter-level travel time spent in this place.
 D = Time resting spent in this place.
 E = Time spent auto-exploring this place.
 F = Levels seen in this place.
 G = Mean time per level.
                   A        B        C        D        E       F      G
               +--------+--------+--------+--------+--------+-----+--------+
         Total |   5672 |   5530 |    142 |   1171 |   3549 |   4 | 1418.0 |
       Dungeon |   5672 |   5530 |    142 |   1171 |   3549 |   4 | 1418.0 |
               +--------+--------+--------+--------+--------+-----+--------+

Top non-repeatable levels by time:
     D:2: 1680 daAuts
     D:1: 1553 daAuts
     D:3: 1234 daAuts
     D:4: 1203 daAuts
